 Dungeon Crawl Stone Soup version 0.21-a0-442-g848f44b (webtiles) character file.

603 slep the Skirmisher (level 7, -5/126 HPs)
             Began as a Demonspawn Wanderer on Nov 15, 2017.
             Was an Initiate of Okawaru.
             Slain by a scorpion (6 damage)
             ... on level 4 of the Dungeon.
             The game lasted 00:12:09 (2316 turns).

slep the Skirmisher (Demonspawn Wanderer)           Turns: 2316, Time: 00:12:09

Health: -5/126     AC: 23    Str: 21    XL:     7   Next: 18%
Magic:  7/7        EV:  2    Int: 13    God:    Okawaru [......]
Gold:   266        SH:  0    Dex: 11    Spells: 6/6 levels left

rFire    . . .     SeeInvis .   m - -2 mace (curse)
rCold    . . .     Gourm    .   (no shield)
rNeg     + + +     Faith    .   (armour currently unavailable)
rPois    +         Spirit   .   (helmet currently unavailable)
rElec    .         Reflect  .   (cloak currently unavailable)
rCorr    .         Harm     .   (gloves currently unavailable)
MR       .....     NoTele   +   (boots currently unavailable)
Stlth    ..........             f - amulet of regeneration
HPRegen  0.71/turn              (no ring)
MPRegen  0.10/turn              (no ring)

@: berserking, lethally poisoned (-5 -> -6), tree-form, very quick
A: no striking features
a: Renounce Religion


You were on level 4 of the Dungeon.
You worshipped Okawaru.
Okawaru was noncommittal.
You were not hungry.
You were a tree.
You visited 2 branches of the dungeon, and saw 5 of its levels.

You collected 266 gold pieces.

Inventory:

Hand Weapons
 c - a +0 short sword
 m - a cursed -2 mace (weapon)
 u - a +0 flail
 v - a +0 trident of flaming
 A - a cursed -3 falchion
 C - a +2 mace of pain
Missiles
 q - 5 tomahawks (quivered)
Armour
 a - a +2 scale mail (melded)
 E - a +0 pair of gloves (melded)
Jewellery
 f - an amulet of regeneration (around neck)
Wands
 y - a wand of clouds (4/9)
Scrolls
 e - 9 scrolls of identify {unknown}
 h - 2 scrolls of remove curse {unknown}
 i - 3 scrolls of immolation {unknown}
 j - a scroll of fear {unknown}
 p - a scroll of noise {unknown}
 r - a scroll of magic mapping {unknown}
 t - a scroll of teleportation {unknown}
 G - a scroll of random uselessness {unknown}
Potions
 g - 4 potions of berserk rage
 k - 2 potions of curing {unknown}
 l - 2 potions of heal wounds {unknown}
 s - a potion of agility
 w - a potion of might {unknown}
 x - 2 potions of flight {unknown}
 z - a potion of cancellation {unknown}
 D - a potion of ambrosia {unknown}
 F - a potion of degeneration {unknown}
Comestibles
 d - 4 bread rations
 n - 7 fruits
 o - 3 royal jellies
 B - 2 chunks of flesh
 H - a meat ration


   Skills:
 + Level 5.6 Fighting
 + Level 2.3 Short Blades
 + Level 2.8 Maces & Flails
 + Level 4.5 Armour
 + Level 1.9 Dodging
 + Level 1.2 Stealth
   Level 1.0 Shields


You had 6 spell levels left.
You didn't know any spells.

Dungeon Overview and Level Annotations

Branches:
Dungeon (4/15)             Temple (1/1) D:4

Altars:
Ashenzari
Makhleb
Okawaru
Qazlal
The Shining One


Innate Abilities, Weirdness & Mutations

((You are partially covered in icy blue scales. (AC +2)))
((Your flesh is heat resistant. (rF+)))
((You are partially covered in sharp spines.))


Message History

You turn into a tree.
Your +0 pair of gloves melds into your body.
Your +2 scale mail melds into your body.
Your roots penetrate the ground.
You feel sick.
The scorpion stings you but does no damage.
You completely miss the scorpion.
You feel sick.
The scorpion stings you but does no damage.
You closely miss the scorpion.
You feel sick. The scorpion stings you.
* * * LOW HITPOINT WARNING * * *
You hit the scorpion.
The scorpion is lightly wounded.
* * * LOW HITPOINT WARNING * * *
You feel sick.
The scorpion stings you but does no damage. x2
It was a potion of berserk rage.
A red film seems to cover your vision as you go berserk!
You feel yourself moving faster!
You feel mighty!
* * * LOW HITPOINT WARNING * * *
You feel sick. The scorpion stings you.
You die...

#.........#
#...
#####.....#
)..P. #...
#.....# .....
###. #####.#
##P.P.. #####.
#.# P..^.
##..... #.#
..(. #....#.
#.# .^# #....#.
#.# ###?#
#.[..#.
#.#####♣s#
#....#.
#.##÷..###
#......
########.##.###
#####....##
.........#.##
...........
#########..#
##.#.....#
#.......# #
#.....#
#.#####.#
#.....# .. ...
#...<.# ## ###
###.#.#


You could see a scorpion.

Vanquished Creatures
  The ghost of RustandSilver the Insei, an amateur DsTm of Ashenzari (D:4)
  A phantom (D:4)
  3 scorpions (D:4)
  The ghost of slep the Vexing, a weakling DsWn (D:3)
  An orc priest (D:3)
  Jessica (D:2)
  4 adders
  3 oozes
  An adder skeleton (D:3)
  4 worms
  A leopard gecko (D:2)
  6 orcs
  6 bats
  5 giant cockroaches
  17 hobgoblins
  3 jackals (D:2)
  5 frilled lizards
  4 goblins
  8 kobolds
  11 rats
  A fungus (D:4)
87 creatures vanquished.

Vanquished Creatures (others)
  A fungus (D:4)
1 creature vanquished.

Grand Total: 88 creatures vanquished

Notes
Turn   | Place    | Note
-------+----------+-------------------------------------------
     0 | D:1      | slep the Demonspawn Wanderer began the quest for the Orb.
     0 | D:1      | slep set off with: a +2 scale mail, a potion of lignification, a +0 short sword, a bread ration
     0 | D:1      | Reached XP level 1. HP: 19/19 MP: 1/1
   257 | D:1      | Gained mutation: You are partially covered in icy blue scales. (AC +2) [demonic ancestry]
   257 | D:1      | Reached XP level 2. HP: 26/26 MP: 2/2
   439 | D:1      | Gained mutation: You are partially covered in sharp spines. [demonic ancestry]
   439 | D:1      | Reached XP level 3. HP: 31/31 MP: 3/3
   785 | D:2      | Reached skill level 5 in Fighting
  1009 | D:2      | Noticed Jessica
  1015 | D:2      | Gained mutation: Your flesh is heat resistant. (rF+) [demonic ancestry]
  1015 | D:2      | Reached XP level 4. HP: 39/39 MP: 4/4
  1027 | D:2      | Killed Jessica
  1244 | D:3      | Reached XP level 5. HP: 37/44 MP: 5/5
  1295 | D:3      | Noticed slep's ghost (weakling DsWn)
  1296 | D:3      | Reached skill level 1 in Maces & Flails
  1322 | D:3      | Killed slep's ghost
  1832 | D:4      | Noticed RustandSilver's ghost (amateur DsTm)
  1844 | D:4      | Killed RustandSilver's ghost
  1844 | D:4      | Reached XP level 6. HP: 26/51 MP: 6/6
  1885 | D:4      | Found a staircase to the Ecumenical Temple.
  1890 | Temple   | Entered the Ecumenical Temple
  1918 | Temple   | Became a worshipper of Warmaster Okawaru
  2289 | D:4      | Reached XP level 7. HP: 25/56 MP: 7/7
  2314 | D:4      | HP: 1/84 [scorpion (6)]
  2316 | D:4      | Slain by a scorpion

Vault maps used:
D:1:      lemuel_arrival_cross
D:2:      kennysheep_big_flooded_room, uniq_jessica
D:3:      first_bread, st_stairs_14
D:4:      old_forge, marbit_many_paths, minmay_temple_entry_butterflies,
          kennysheep_doodads
Temple:   hc_temple_tempest_star

Skill      XL: |  1  2  3  4  5  6 |
---------------+-------------------+-----
Armour         | 2 3 4 |  4.5
Fighting       | 5 |  5.6
Short Blades   | 2 |  2.3
Maces & Flails | 2 |  2.8
Dodging        | |  1.9
Stealth        | |  1.2
Shields        | |  1.0

Action                   |  1- 3 |  4- 6 |  7- 9 || total
-------------------------+-------+-------+-------++-------
Melee: Short sword       |   141 |       |       ||   141
       Mace              |     6 |   148 |    14 ||   168
Throw: Tomahawk          |       |     1 |     2 ||     3
  Use: Potion            |       |       |     2 ||     2
  Eat: Chunk             |       |     5 |       ||     5
Armor: Scale mail        |    60 |    67 |     6 ||   133
       Skin              |       |       |     4 ||     4
Dodge: Dodged            |    50 |    62 |     4 ||   116

Table legend:
 A = Spawn XP
 B = Non-spawn XP
 C = Spawn XP percentage of total XP
 D = Spawn monster count
 E = Non-spawn monster count
 F = Spawn count percentage of total count
 G = Total turns spent on level
                    A         B        C        D         E        F      G
               +---------+---------+-------+---------+---------+-------+---------
         Total |       0 |     862 |   0.0 |       0 |      86 |   0.0 |  2316
               +---------+---------+-------+---------+---------+-------+---------
           D:1 |       0 |      44 |   0.0 |       0 |      23 |   0.0 |   587
           D:2 |       0 |     110 |   0.0 |       0 |      25 |   0.0 |   598
           D:3 |       0 |     160 |   0.0 |       0 |      25 |   0.0 |   638
           D:4 |       0 |     545 |   0.0 |       0 |      12 |   0.0 |   446
        Temple |       0 |       3 |   0.0 |       0 |       1 |   0.0 |    47
               +---------+---------+-------+---------+---------+-------+---------
